 Dungeon Crawl Stone Soup version 0.17-b1-15-g0f5fb43 (webtiles) character file.

2316 tp1 the Destroyer (level 9, 0/45 HPs)
             Began as a Deep Elf Fire Elementalist on Nov 2, 2015.
             Was an Initiate of Vehumet.
             Slain by a wraith (10 damage)
             ... on level 7 of the Dungeon.
             The game lasted 00:49:13 (9827 turns).

tp1 the Destroyer (Deep Elf Fire Elementalist)      Turns: 9827, Time: 00:49:13

Health: 0/45       AC:  6    Str:  5    XL:     9   Next: 18%
Magic:  16/20      EV: 12    Int: 24    God:    Vehumet [......]
Gold:   355        SH:  6    Dex: 15    Spells: 4 memorised, 8 levels left

rFire  + . .     SeeInvis .     z - +1 short sword (holy)
rCold  . . .     Clarity  .     a - +1 robe
rNeg   . . .     SustAt   .     j - +2 buckler
rPois  .         Gourm    .     w - +2 helmet
rElec  .         Spirit   .     (no cloak)
rCorr  .         Warding  .     (no gloves)
rMut   .         Stasis   .     (no boots)
MR     .....                    (no amulet)
Stlth  ++........               i - ring of protection from fire
                                e - ring of wizardry

@: slowed, very slow, not resistant to hostile enchantments, unstealthy
A: no striking features
a: Renounce Religion


You were on level 7 of the Dungeon.
You worshipped Vehumet.
Vehumet was noncommittal.
You were not hungry.

You visited 2 branches of the dungeon, and saw 9 of its levels.

You collected 355 gold pieces.

Inventory:

Hand Weapons
 d - a +1 dagger
 q - a +1 short sword of venom
 z - a +1 short sword of holy wrath (weapon)
 C - a +3 spear
Armour
 a - a +1 robe (worn)
 j - a +2 buckler (worn)
 w - a +2 helmet (worn)
Jewellery
 e - a ring of wizardry (left hand)
 i - a ring of protection from fire (right hand)
Wands
 f - a wand of frost (20)
 y - a wand of digging (15)
 A - a wand of polymorph (7)
Scrolls
 o - 3 scrolls of identify
 s - 3 scrolls of fear
 t - a scroll of remove curse
 B - a scroll of fog {unknown}
 D - a scroll of holy word {unknown}
 E - a scroll of random uselessness {unknown}
 G - a scroll of recharging {unknown}
Potions
 g - a potion of haste
 l - a potion of magic
 m - a potion of cancellation
 n - a potion of agility
 p - a potion of poison {unknown}
 r - a potion of ambrosia {unknown}
 u - 3 potions of cure mutation {unknown}
 v - a potion of heal wounds {unknown}
 x - 3 potions of degeneration {unknown}
Books
 b - a book of Flames

   Spells                             Type                      Level
   a - Flame Tongue                   Conjuration/Fire             1
   b - Throw Flame                    Conjuration/Fire             2
   c - Conjure Flame                  Conjuration/Fire             3
   d - Inner Flame                    Hexes/Fire                   3
   e - Sticky Flame                   Conjuration/Fire             4
   f - Fireball                       Conjuration/Fire             5
Comestibles
 c - 4 bread rations
 h - a meat ration
 F - 3 chunks of flesh
 H - 3 fruits


   Skills:
 - Level 2.4 Dodging
 - Level 2.4 Stealth
 - Level 2.1 Shields
 - Level 6.4 Spellcasting
 - Level 9.1 Conjurations
 + Level 8.8 Fire Magic


You had 8 spell levels left.
You knew the following spells:

 Your Spells              Type           Power        Failure   Level  Hunger
a - Flame Tongue          Conj/Fire      #####        1%          1    None
b - Conjure Flame         Conj/Fire      ######..     1%          3    None
c - Inner Flame           Hex/Fire       ####....     2%          3    None
d - Fireball              Conj/Fire      ######....   4%          5    #####..


Dungeon Overview and Level Annotations

Branches:
Dungeon (8/15)             Temple (1/1) D:7
   Lair: D:8-11

Altars:
Ashenzari
Cheibriados
Dithmenos
Elyvilon
Fedhas
Gozag
Makhleb
Nemelex Xobeh
Okawaru
Qazlal
Ru
Sif Muna
Trog
Vehumet
Xom
Yredelemnul
Zin
The Shining One

Shops:
D:4 *   D:7 *


Message History

The wraith barely misses you. The wraith hits you.
* * * LOW HITPOINT WARNING * * *
Drink which item? (? for menu, Esc to quit)
You feel better. The wraith closely misses you.
You closely miss the wraith.
The wraith is moderately damaged.
The wraith hits you but does no damage. x2
You barely miss the wraith.
The wraith is moderately damaged.
The wraith hits you!
* * * LOW HITPOINT WARNING * * *
Casting: Flame Tongue
Confirm with . or Enter, or press ? or * to list all spells.
Aiming: Flame Tongue
Press: ? - help, Shift-Dir - straight line, f/p - wraith
Aim: a wraith (moderately damaged)
The flame tongue hits the wraith.
The wraith is moderately damaged.
The wraith hits you!
You die...

#...# #.# ##...##
#.... ..⌠.#
#.#####.....# ##.##
#...# #....###...##
#.# ##### ##8#.#
##.########[# ###'#
#...........#
###.####.##########
#)'.'.##.#
###.####.# #.W@+
#.###### ###.#
#......#
########### +.+
#..###.#
#.........# #.#
#..# #.# #
#.#.###.### +.+
##..###.# # #.#.#
#.# #.#
#.......###### #
#.#.###.### +.+
#...##........ #
#.#.......# #.#
#....##.#..... #
#..)..)...#
#...###.#.####


You could see a wraith.

Vanquished Creatures
  4 orc warriors
  2 centaurs (D:5)
  An ogre (D:7)
  2 phantoms
  A wasp (D:6)
  3 giant frogs
  A water moccasin zombie (D:5)
  3 scorpions
  5 wights (D:7)
  2 hounds
  Crazy Yiuf (D:3)
  5 orc priests
  Ijyb (D:3)
  3 orc wizards (D:7)
  Jessica (D:2)
  Terence (D:3)
  Natasha (thrice) (D:3)
  2 worker ants
  A killer bee zombie (D:6)
  A mummy (D:7)
  A worker ant zombie (D:5)
  Robin (D:4)
  4 adders
  6 gnolls
  3 shadow imps (D:5)
  An ooze (D:1)
  An adder skeleton (D:5)
  5 worms
  28 orcs
  9 bats
  11 hobgoblins
  18 kobolds
  2 quokkas
  3 giant cockroaches
  2 giant geckos
  A giant gecko zombie (D:7)
  3 giant newts
  16 goblins
  22 jackals
  9 rats
189 creatures vanquished.

Notes
Turn   | Place    | Note
--------------------------------------------------------------
     0 | D:1      | tp1 the Deep Elf Fire Elementalist began the quest for the Orb.
     0 | D:1      | Reached XP level 1. HP: 10/10 MP: 6/6
   301 | D:1      | Reached XP level 2. HP: 10/15 MP: 5/8
  1082 | D:2      | Reached XP level 3. HP: 19/19 MP: 6/9
  1087 | D:2      | Learned a level 3 spell: Conjure Flame
  1092 | D:2      | Learned a level 3 spell: Inner Flame
  1101 | D:2      | Noticed Jessica
  1132 | D:2      | Killed Jessica
  1132 | D:2      | Reached skill level 1 in Shields
  1607 | D:2      | Found a stormy altar of Qazlal.
  1874 | D:2      | Reached XP level 4. HP: 20/24 MP: 6/10
  2462 | D:3      | Reached skill level 4 in Spellcasting
  2545 | D:3      | Noticed Natasha
  2552 | D:3      | Killed Natasha
  2552 | D:3      | Reached XP level 5. HP: 12/28 MP: 4/14
  2559 | D:3      | Learned a level 5 spell: Fireball
  2707 | D:3      | Noticed Natasha
  2711 | D:3      | Noticed Terence
  2766 | D:3      | Killed Natasha
  2766 | D:3      | Reached skill level 5 in Spellcasting
  3051 | D:2      | Found a stormy altar of Qazlal.
  3777 | D:3      | Noticed Natasha
  3779 | D:3      | Killed Natasha
  3832 | D:3      | Noticed Crazy Yiuf
  3839 | D:3      | Killed Crazy Yiuf
  3839 | D:3      | Reached skill level 6 in Spellcasting
  4130 | D:3      | Noticed Ijyb
  4141 | D:3      | Killed Ijyb
  4268 | D:3      | Reached XP level 6. HP: 26/32 MP: 5/17
  4373 | D:3      | Killed Terence
  4432 | D:4      | Found a shattered altar of Ashenzari.
  4505 | D:4      | Noticed Robin
  4522 | D:4      | Killed Robin
  4549 | D:4      | Found a burning altar of Makhleb.
  4553 | D:4      | Found an opulent altar of Gozag.
  4554 | D:4      | Found a sparkling altar of Nemelex Xobeh.
  4772 | D:4      | Found Faxiheq's Assorted Antiques.
  5309 | D:4      | Found Faxiheq's Assorted Antiques.
  5351 | D:4      | Found a shattered altar of Ashenzari.
  5433 | D:4      | Found a sparkling altar of Nemelex Xobeh.
  5438 | D:4      | Found a burning altar of Makhleb.
  5443 | D:4      | Found an opulent altar of Gozag.
  5610 | D:5      | Entered Level 5 of the Dungeon
  5783 | D:5      | Found a bloodstained altar of Trog.
  5783 | D:5      | Noticed a moth of wrath
  5912 | D:5      | Reached skill level 5 in Fire Magic
  5912 | D:5      | Reached XP level 7. HP: 12/36 MP: 10/18
  6221 | D:5      | Found a sacrificial altar of Ru.
  6281 | D:5      | Reached skill level 7 in Fire Magic
  6829 | D:6      | Reached skill level 5 in Conjurations
  6834 | D:6      | Reached XP level 8. HP: 41/41 MP: 10/19
  7125 | D:6      | Found Hiutusix's Magic Scroll Boutique.
  8324 | D:7      | Reached skill level 8 in Conjurations
  8737 | D:7      | Reached skill level 9 in Conjurations
  8896 | D:7      | Found a staircase to the Ecumenical Temple.
  8901 | Temple   | Entered the Ecumenical Temple
  8952 | Temple   | Became a worshipper of Vehumet
  9008 | D:7      | Found a burning altar of Makhleb.
  9036 | D:7      | Reached XP level 9. HP: 34/45 MP: 3/20
  9358 | D:7      | Found Wilyonui's Assorted Antiques.
  9827 | D:7      | Slain by a wraith

Action                   |  1- 3 |  4- 6 |  7- 9 || total
-------------------------+-------+-------+-------++-------
Melee: Dagger            |     8 |       |       ||     8
       Short sword       |       |    14 |     6 ||    20
       Spear             |       |       |     3 ||     3
 Cast: Flame Tongue      |    60 |   153 |   175 ||   388
       Conjure Flame     |     2 |    15 |    14 ||    31
       Inner Flame       |     2 |     9 |    10 ||    21
       Fireball          |       |       |     9 ||     9
  Use: Scroll            |     4 |     6 |     1 ||    11
       Potion            |       |     3 |     1 ||     4
  Eat: Chunk             |     3 |    12 |    10 ||    25
       Meat ration       |       |       |     1 ||     1
